cohdb
Replays
Latest Replays
All Replays
Popular Replays
Top Player Replays
Match Explorer
How It Works
Community
CoH3 Stats
Reddit
Sign in to upload your games and track your stats! →
Sign in with Steam
Match 42915243
Unlisted
Match 42915243
Overview
Messages
Build Orders
End
Panzergrenadier Squad
Panzergrenadier Squad
Selects Panzerjäger Kommand Battlegroup
Selects Mine Fields
250 Light Carrier
Construct Light Support Kompanie
Combat Half-tracks
MG34 Team
Fire Support Elements
Veteran Squad Leaders
Panzerjäger Mechanized Group
Selects Defensive Positions
Construct Mechanized Kompanie
2.5-tonne Medical Truck
Selects Butterfly Bomb Drop
Selects Tank Busters
Pipelayer
simranjitsingh713
Amiya
Luminescence
Kakamora
Yoddha
0
0
Comments
sign in to comment!
No comments posted yet!